 Seeded DCSS version 0.28-a0-697-g47f3eba078 (webtiles) character file.

Game seed: 20211023 (custom seed)

9 a11behringer the Sneak (level 2, -1/13 HPs)
             Began as a Spriggan Enchanter on Oct 23, 2021.
             Slain by a ball python (2 damage)
             ... on level 1 of the Dungeon on Oct 24, 2021.
             The game lasted 00:03:05 (467 turns).

a11behringer the Sneak (Spriggan Enchanter)          Turns: 467, Time: 00:03:06

Health: -1/13      AC:  2    Str:  4    XL:     2   Next: 6%
Magic:  6/6        EV: 17    Int: 16    God:
Gold:   0          SH:  0    Dex: 15    Spells: 6/6 levels left

rFire   . . .      SeeInvis +   a - +1 dagger
rCold   . . .      Faith    .   (shield restricted)
rNeg    . . .      Spirit   .   b - +0 robe
rPois   .          Reflect  .   (helmet restricted)
rElec   .          Harm     .   (no cloak)
rCorr   .          Rampage  .   (gloves unavailable)
Will    .....                   (boots unavailable)
Stlth   +++.......              (no amulet)
HPRegen 0.04/turn               (no ring)
MPRegen 0.10/turn               (no ring)

@: very quick
A: very small, no large weapons, unfitting armour, see invisible, speed 3
a: no special abilities


You were on level 1 of the Dungeon.
You visited 1 branch of the dungeon, and saw 1 of its levels.

Inventory:

Hand Weapons
 a - a +1 dagger (weapon)
Armour
 b - a +0 robe (worn)
Potions
 c - a potion of invisibility
 d - a potion of curing {unknown}


   Skills:
 + Level 1.1 Short Blades
 + Level 2.7 Dodging
 + Level 4.9 Stealth
 + Level 2.7 Spellcasting
 + Level 3.9 Hexes


You had 6 spell levels left.
You didn't know any spells.
Your spell library contained the following spells:

 Spells                   Type           Power      Damage    Failure   Level
 Confusing Touch          Hex            14%        N/A       11%         3
 Tukima's Dance           Hex            14%        N/A       11%         3
 Ensorcelled Hibernation  Hex/Ice        16%        N/A       13%         2
 Dazzling Flash           Conj/Hex       16%        N/A       26%         3
 Borgnjor's Revivificati  Necr           1%         N/A       100%        8
 Necromutation            Tmut/Necr      1%         N/A       100%        8
 Death's Door             Necr           1%         N/A       100%        9


Dungeon Overview and Level Annotations

Branches:
Dungeon (1/15)

Altars:


Innate Abilities, Weirdness & Mutations

You are very small and have problems with some larger weapons.
You are too small for most types of armour.
You have supernaturally acute eyesight. (SInv)
You cover ground extremely quickly. (Speed+++)


Message History

The giant cockroach is severely wounded.
The bat hits you. The giant cockroach misses you.
You hit the giant cockroach.
You kill the giant cockroach!
The bat hits you.
* * * LOW HITPOINT WARNING * * *
You have reached level 2!
You miss the bat. The bat closely misses you. The bat barely misses you.
The bat closely misses you.
You hit the bat but do no damage. The bat barely misses you. x2
The bat completely misses you.
You closely miss the bat. The bat hits you.
* * * LOW HITPOINT WARNING * * *
You closely miss the bat. The bat closely misses you.
You hit the bat but do no damage. The bat misses you.
You closely miss the bat. The bat completely misses you.
The bat hits you but does no damage.
You hit the bat.
You kill the bat!
You see here a bat corpse.
A ball python comes into view.
Found a faded altar of an unknown god.
A rat comes into view.
The ball python hisses angrily.
The ball python bites you.
* * * LOW HITPOINT WARNING * * *
The ball python misses you.
You hit the ball python.
The ball python is heavily wounded.
The ball python barely misses you. The ball python closely misses you.
You barely miss the ball python.
The ball python is heavily wounded.
The ball python misses you. x2
You hit the ball python but do no damage.
The ball python is heavily wounded.
The ball python misses you. The ball python closely misses you.
You hit the ball python but do no damage.
The ball python is heavily wounded.
The ball python bites you.
You die...

..##..............)....†...####
.##...(...†###.........##..#
###.###.#..............##..#
....##....####...............
######.#.#####.........##.(.##
.....##............# #.#
....................# .
..........#.........#
..............@........#
...###.S_....#.## .r
##.....##.# ...⌠...# .
#######... ... ..


You could see a ball python.

Vanquished Creatures
  A dart slug (D:1)
  An endoplasm (D:1)
  A giant cockroach (D:1)
  A kobold (D:1)
  A ball python (D:1)
  A bat (D:1)
  2 rats (D:1)
8 creatures vanquished.

Notes
Turn   | Place    | Note
-------+----------+-------------------------------------------
     0 | D:1      | a11behringer the Spriggan Enchanter began the quest for the
                  | Orb.
     0 | D:1      | Reached XP level 1. HP: 9/9 MP: 5/5
   411 | D:1      | Upgraded the game from 0.28-a0-691-gad6df49e81 to
                  | 0.28-a0-697-g47f3eba078
   446 | D:1      | Reached XP level 2. HP: 3/13 MP: 6/6
   457 | D:1      | Found a faded altar of an unknown god.
   467 | D:1      | Slain by a ball python

Illustrated notes

Levels and vault maps discovered:
D:1:      dpeg_arrival_prison, layout_rooms, ebering_ecumenical_altar_abandoned,
          hangedman_decor_growths, columned_hall_lemuel

Action                   || total
-------------------------++-------
Melee: Dagger            ||    47
 Stab: Sleeping          ||     2
Armor: Robe              ||    11
Dodge: Dodged            ||    45

Table legend: (Time is in decaauts)
 A = Elapsed time spent in this place.
 B = Non-inter-level travel time spent in this place.
 C = Inter-level travel time spent in this place.
 D = Time resting spent in this place.
 E = Time spent auto-exploring this place.
 F = Levels seen in this place.
 G = Mean time per level.
                   A        B        C        D        E       F      G
               +--------+--------+--------+--------+--------+-----+--------+
         Total |    397 |    371 |     26 |      0 |    283 |   1 |  397.0 |
       Dungeon |    397 |    371 |     26 |      0 |    283 |   1 |  397.0 |
               +--------+--------+--------+--------+--------+-----+--------+

Top non-repeatable levels by time:
     D:1: 397 daAuts
